 Dungeon Crawl Stone Soup version 0.27-a0-1177-g245c70e1c0 (webtiles) character file.

Game seed: 4688294612101106040

51 freelancePsychic the Stinger (level 3, -1/21 HPs)
             Began as an Octopode Venom Mage on May 16, 2021.
             Slain by an orc wizard
             ... wielding a +0 dagger
              (2 damage)
             ... on level 3 of the Dungeon.
             The game lasted 00:09:21 (3330 turns).

freelancePsychic the Stinger (Octopode Venom Mage)  Turns: 3330, Time: 00:09:22

Health: -1/21      AC:  1    Str:  7    XL:     3   Next: 83%
Magic:  6/6        EV: 13    Int: 18    God:
Gold:   146        SH:  0    Dex: 18    Spells: 3/6 levels left

rFire    . . .     SeeInvis .   c - +0 trident (flame)
rCold    . . .     Faith    .   (no shield)
rNeg     . . .     Spirit   .   (helmet restricted)
rPois    .         Reflect  +   e - amulet of reflection
rElec    .         Harm     .   i - +6 ring of dexterity
rCorr    .         Rampage  .   (no ring)
Will     .....                  (no ring)
Stlth    ++........             (no ring)
HPRegen  0.07/turn              (no ring)
MPRegen  0.10/turn              (no ring)
                                (no ring)
                                (no ring)

@: confused, attractive, hasted, very quick
A: almost no armour, amphibious, 8 rings, camouflage 1, gelatinous body 1,
(nimble swimmer 1), tentacles
a: no special abilities


You were on level 3 of the Dungeon.
You visited 1 branch of the dungeon, and saw 3 of its levels.

You collected 146 gold pieces.

Inventory:

Hand Weapons
 c - a +0 trident of flaming (weapon)
Armour
 k - a +0 tower shield
Jewellery
 e - an amulet of reflection (around mantle)
 i - a +6 ring of dexterity (left tentacle)
 l - a ring of poison resistance
Scrolls
 a - a scroll of amnesia {unknown}
 b - a scroll of teleportation {unknown}
 d - a scroll of identify {unknown}
 j - a scroll of vulnerability {unknown}
Potions
 f - 2 potions of haste {@q3}


   Skills:
 - Level 2.0 Dodging
 + Level 3.7 Stealth
 - Level 2.0 Spellcasting
 + Level 2.0 Transmutations
 + Level 1.5 Fire Magic
 - Level 4.0 Poison Magic


You had 3 spell levels left.
You knew the following spells:

 Your Spells              Type           Power      Damage    Failure   Level
a - Sting                 Tmut/Pois      48%        1d5       5%          1
b - Poisonous Vapours     Pois/Air       18%        N/A       12%         2

Your spell library contained the following spells:

 Spells                   Type           Power      Damage    Failure   Level
 Summon Small Mammal      Summ           4%         N/A       19%         1
 Ignite Poison            Fire/Tmut/Pois 10%        N/A       19%         3
 Call Imp                 Summ           1%         N/A       26%         2
 Mephitic Cloud           Conj/Pois/Air  6%         N/A       30%         3
 Call Canine Familiar     Summ           1%         N/A       47%         3
 Summon Guardian Golem    Hex/Summ       1%         N/A       47%         3
 Olgreb's Toxic Radiance  Pois           16%        N/A       34%         4
 Summon Ice Beast         Ice/Summ       1%         N/A       87%         4
 Summon Lightning Spire   Summ/Air       1%         N/A       87%         4


Dungeon Overview and Level Annotations

Branches:
Dungeon (3/15)

Altars:

Shops:
D:1 !?!=

Annotations:
D:2 exclusion: phantom
D:3 Grinder


Innate Abilities, Weirdness & Mutations

You cannot wear most types of armour.
You are amphibious.
You can wear up to eight rings at the same time.
Your skin changes colour to match your surroundings (Stealth+).
Your rubbery body absorbs attacks. (AC +1, EV +1)
((You are camouflaged near water. (Stealth+)))
You have tentacles for arms and can constrict up to eight enemies at once.


Message History

The orc wizard hits you with a +0 dagger.
You bump into the rock wall.
The orc wizard hits you with a +0 dagger.
Your magical contamination has completely faded away.
The orc wizard points at you and mumbles some strange words.
The puff of flame hits you!
* * * LOW HITPOINT WARNING * * *
You feel yourself speed up.
The orc wizard hits you with a +0 dagger.
* * * LOW HITPOINT WARNING * * *
It was a potion of ambrosia.
You are more confused.
You feel invigorated. The orc closely misses you.
The orc wizard hits you with a +0 dagger.
* * * LOW HITPOINT WARNING * * *
The orc closely misses you.
The orc wizard hits you with a +0 dagger.
* * * LOW HITPOINT WARNING * * *
You're too confused to move!
The orc wizard casts a spell at itself.
The orc wizard flickers and vanishes!
Deactivating autopickup; reactivate with Ctrl-A.
You feel less invigorated. The orc closely misses you. Something hits you.
The orc barely misses you.
You're too confused to move!
You bump into the rock wall.
The orc hits you with a +0 dagger. Something hits you.
You bump into the rock wall.
It was a potion of magic.
Magic courses through your body. The orc hits you with a +0 dagger.
You hear some strange, mumbled words.
A magic dart appears from out of thin air!
The magic dart hits you.
* * * LOW HITPOINT WARNING * * *
It was a potion of attraction.
You feel attractive to monsters. The orc closely misses you.
You are too confused!
You miss something. Something hits you.
You die...

.....<...#
≈≈.......#.......#
.........##
.........#.......#
..........#
≈≈..........?.....
..##...####
g≈.....####o#####.
########
##############....#
#
#.........####.####
#..............#
#.......o.######
#......@{.#
###########


You could see an orc.

Vanquished Creatures
  An adder (D:2)
  A dart slug (D:1)
  2 orcs (D:3)
  5 endoplasms
  2 giant cockroaches
  2 goblins
  4 jackals (D:3)
  4 quokkas
  2 ball pythons
  2 bats
  2 frilled lizards
  2 kobolds (D:2)
  8 rats
37 creatures vanquished.

Notes
Turn   | Place    | Note
-------+----------+-------------------------------------------
     0 | D:1      | freelancePsychic the Octopode Venom Mage began the quest
                  | for the Orb.
     0 | D:1      | Reached XP level 1. HP: 11/11 MP: 3/3
   311 | D:1      | Reached XP level 2. HP: 17/17 MP: 1/5
   362 | D:1      | Found Oroluz's Jewellery Emporium.
   386 | D:1      | Found Moufe's Magic Scroll Shop.
   435 | D:1      | Learned a level 2 spell: Poisonous Vapours
   473 | D:1      | Found Sul Dois's Distillery.
   498 | D:1      | Reached skill level 4 in Poison Magic
   524 | D:1      | Found Tyoky's Distillery.
   608 | D:1      | Found a faded altar of an unknown god.
  1503 | D:2      | Reached skill level 1 in Fire Magic
  1503 | D:2      | Reached XP level 3. HP: 21/21 MP: 1/6
  1558 | D:2      | Noticed a phantom
  2952 | D:3      | Noticed Grinder
  3328 | D:3      | HP: 1/21 [something/magic dart (6)]
  3330 | D:3      | Slain by an orc wizard

Illustrated notes

Levels and vault maps discovered:
D:1:      scummos_arrival_star, layout_basic, ebering_ecumenical_altar_mist,
          serial_shops, shop_fountains, shop, shop,
          nicolae_shop_temple_entry_statues_fountains, minmay_strange_pillars
D:2:      layout_basic, minivault_26
D:3:      layout_rooms, kennysheep_okawaru_gauntlet, uniq_grinder

Skill      XL: |  1  2  3 |
---------------+----------+-----
Stealth        | 3 |  3.7
Poison Magic   | 4 |  4.0
Fire Magic     | 1 |  1.5
Transmutations | 2 |  2.0
Dodging        | |  2.0
Spellcasting   | |  2.0

Action                   || total
-------------------------++-------
Melee: Unarmed           ||     2
       Tentacles         ||     3
       Trident           ||    14
       Constrict         ||     1
 Cast: Sting             ||    17
       Poisonous Vapours ||    39
  Use: Potion            ||     4
 Stab: Sleeping          ||     2
       Distracted        ||     1
Dodge: Dodged            ||    12
Block: Other             ||     2
       Reflection        ||     1

Table legend: (Time is in decaauts)
 A = Elapsed time spent in this place.
 B = Non-inter-level travel time spent in this place.
 C = Inter-level travel time spent in this place.
 D = Time resting spent in this place.
 E = Time spent auto-exploring this place.
 F = Levels seen in this place.
 G = Mean time per level.
                   A        B        C        D        E       F      G
               +--------+--------+--------+--------+--------+-----+--------+
         Total |   3328 |   3172 |    156 |    604 |   2114 |   3 | 1109.3 |
       Dungeon |   3328 |   3172 |    156 |    604 |   2114 |   3 | 1109.3 |
               +--------+--------+--------+--------+--------+-----+--------+

Top non-repeatable levels by time:
     D:2: 1538 daAuts
     D:1: 1173 daAuts
     D:3: 616 daAuts
